 Dungeon Crawl Stone Soup version 0.30-a0-219-gf2db51d15e (webtiles) character file.

Game seed: 16063606101822818288

26 brightshaft the Covered (level 2, 0/26 HPs)
             Began as an Armataur Fighter on Oct 7, 2022.
             Slain by a giant cockroach (2 damage)
             ... on level 2 of the Dungeon.
             The game lasted 00:01:26 (562 turns).

brightshaft the Covered (Armataur Fighter)           Turns: 562, Time: 00:01:27

Health: 0/26       AC:  7    Str: 21    XL:     2   Next: 89%
Magic:  2/2        EV:  7    Int:  8    God:
Gold:   6          SH:  4    Dex:  9    Spells: 1/1 levels left

rFire   . . .      SeeInvis .    a - +0 flail
rCold   . . .      Faith    .    c - +0 buckler
rNeg    . . .      Spirit   .    b - +0 scale mail
rPois   .          Reflect  .    (no helmet)
rElec   .          Harm     .    (no cloak)
rCorr   .          Roll     +    (no gloves)
Will    .....                    (no barding)
Stlth   ..........               (no amulet)
HPRegen 0.24/turn                (no ring)
MPRegen 0.08/turn                (no ring)

@: no status effects
A: large, rugged brown scales 3, deformed body, armoured tail, roll, long
tongue, awkward tongue
a: no special abilities


You were on level 2 of the Dungeon.
You visited 1 branch of the dungeon, and saw 2 of its levels.

You collected 6 gold pieces.

Inventory:

Hand Weapons
 a - a +0 flail (weapon)
Armour
 b - a +0 scale mail (worn)
 c - a +0 buckler (worn)
Jewellery
 i - a ring of ice
Scrolls
 h - a scroll of identify {@r1}
Potions
 d - a potion of might
 e - a potion of berserk rage
 f - a potion of cancellation
 g - a potion of mutation {unknown}


   Skills:
 + Level 2.9 Fighting
 * Level 2.4 Maces & Flails
 + Level 3.9 Armour
 + Level 3.5 Shields


You had one spell level left.
You didn't know any spells.
Your spell library was empty.

Dungeon Overview and Level Annotations

Branches:
Dungeon (1/15)

Altars:


Innate Abilities, Weirdness & Mutations

You are completely covered in rugged brown scales. (AC +3, +7% HP)
Armour fits poorly on your strangely shaped body.
You have a long armoured tail.
You roll when moving toward enemies. (Rampage)
Your long tongue fully drains potion bottles. (2x potion effects)
Your tongue gives you trouble enunciating. (1.5x scroll delay)


Message History

The adder closely misses you.
You closely miss the adder. You tail-slap the adder.
The adder is almost dead.
The adder bites you but does no damage. You block the adder's attack.
You sock the adder!
You kill the adder!
The hobgoblin hits you but does no damage. x2
The hobgoblin attacks as you move away!
The hobgoblin hits you but does no damage.
You closely miss the hobgoblin.
A giant cockroach comes into view.
The hobgoblin hits you but does no damage.
You sock the hobgoblin!
You kill the hobgoblin!
You see here a hobgoblin corpse.
A worm comes into view.
Found a stone staircase leading down.
You roll towards the worm!
Found a dented zirconium amulet.
You barely miss the worm. The worm closely misses you.
You hit the worm.
Your tail-slap misses the worm.
The worm is moderately wounded.
An endoplasm comes into view.
The worm bites you.
You barely miss the worm.
The worm is moderately wounded.
The endoplasm quivers.
The giant cockroach barely misses you.
You sock the worm!
The worm is severely wounded.
The giant cockroach bites you but does no damage.
The worm bites you!
The giant cockroach bites you but does no damage.
You barely miss the worm.
The worm is severely wounded.
The giant cockroach bites you. The worm bites you!
* * * LOW HITPOINT WARNING * * *
You barely miss the worm.
Your tail-slap misses the worm.
The worm is severely wounded.
The giant cockroach bites you.
You die...

#.# # # #.# ### #.#
#.# ....# #.# #.#
....>.##.#.#####.#
. #.B...###......#
"....####†#.#######
....>#####.##
......w@B..#
....J####### ... .


You could see a worm, an endoplasm and a giant cockroach.

Vanquished Creatures
  An adder (D:2)
  3 goblins (D:1)
  3 hobgoblins
  A quokka (D:1)
  3 ball pythons (D:1)
  2 bats (D:1)
  A frilled lizard (D:1)
  A kobold (D:1)
  2 rats (D:1)
17 creatures vanquished.

Notes
Turn   | Place    | Note
-------+----------+-------------------------------------------
     0 | D:1      | brightshaft the Armataur Fighter began the quest for the
                  | Orb.
     0 | D:1      | Reached XP level 1. HP: 19/19 MP: 1/1
   262 | D:1      | Reached XP level 2. HP: 22/26 MP: 2/2
   535 | D:1      | You fall into a shaft and drop 1 floor!
   562 | D:2      | Slain by a giant cockroach

Illustrated notes

Levels and vault maps discovered:
D:1:      wander_arrival_chamber, layout_basic
D:2:      layout_loops_ring

Skill      XL: |  1 |
---------------+----+-----
Maces & Flails | 2 |  2.4
Fighting       | |  2.9
Armour         | |  3.9
Shields        | |  3.5

Action                   || total
-------------------------++-------
Melee: Flail             ||    43
       Tailslap          ||     6
  Use: Scroll            ||     4
Armor: Scale mail        ||    19
Dodge: Dodged            ||    14
Block: Buckler           ||     9

Table legend: (Time is in decaauts)
 A = Elapsed time spent in this place.
 B = Non-inter-level travel time spent in this place.
 C = Inter-level travel time spent in this place.
 D = Time resting spent in this place.
 E = Time spent auto-exploring this place.
 F = Levels seen in this place.
 G = Mean time per level.
                   A        B        C        D        E       F      G
               +--------+--------+--------+--------+--------+-----+--------+
         Total |    577 |    577 |      0 |      0 |    464 |   2 |  288.5 |
       Dungeon |    577 |    577 |      0 |      0 |    464 |   2 |  288.5 |
               +--------+--------+--------+--------+--------+-----+--------+

Top non-repeatable levels by time:
     D:1: 547 daAuts
     D:2: 29 daAuts
